Map: Romanticide LE

Players

ViBE - Winner!

  • Race: Terran Terran
  • League: Bronze
  • Spawn Location: 11:00

gladiator

  • Race: Terran Terran
  • League: Silver
  • Spawn Location: 5:00

VOD

Have the link to the VOD?

Description

Time

  • Played on: March 9, 2021, 6:14 p.m.
  • Length: 24:44
Show
View Real Time Build Order
Export as new Build Order

ViBE Terran - Winner!

Build Orders:  

Get SALT Encoding   

  12  0:00  SCV  
  13  0:12  SCV  
  14  0:19  Supply Depot  
  14  0:24  SCV  
  15  0:41  SCV  
  15  0:42  Barracks  
  16  0:46  Refinery  
  16  0:53  SCV  
  17  1:11  SCV  
  18  1:23  SCV  
  19  1:31  Marine  
  20  1:33  Supply Depot  
  20  1:36  Orbital Command  
  20  1:48  Command Center  
  20  1:51  Marine  
  21  2:01  Factory  
  21  2:05  SCV  
  22  2:16  Barracks Reactor  
  22  2:18  SCV  
  23  2:30  SCV  
  24  2:42  SCV  
  25  2:48  Factory Tech Lab  
  25  2:52  Barracks  
  25  2:54  Marine, Refinery, SCV  
  25  2:55  Marine  
  28  3:01  Orbital Command  
  28  3:06  SCV  
  29  3:18  Supply Depot  
  29  3:25  Supply Depot, SCV  
  30  3:31  Marine x2, SCV  
  30  3:32  Siege Tank  
  36  3:37  SCV  
  37  3:45  Barracks Tech Lab, Starport  
  37  3:51  Supply Depot  
  37  4:00  Supply Depot  
  37  4:03  SCV x2  
  37  4:05  Marine x2  
  41  4:11  Siege Tank, Marine  
  41  4:15  SCV x2  
  47  4:23  Marine  
  48  4:25  Supply Depot  
  48  4:28  SCV x2  
  48  4:30  Starport Reactor  
  50  4:34  Marine x2  
  50  4:36  Stimpack  
  52  4:40  SCV x2  
  52  4:41  Marine  
  55  4:51  Supply Depot  
  55  4:52  SCV x2  
  57  4:54  Marine x2  
  59  5:03  Command Center  
  59  5:04  SCV x2  
  61  5:09  Siege Tank  
  61  5:12  Marine x2  
  61  5:13  Marine  
  67  5:14  Supply Depot  
  67  5:16  SCV x2  
  67  5:20  Medivac  
  71  5:23  Refinery  
  71  5:25  Refinery  
  71  5:28  SCV x2  
  71  5:30  Marine x3  
  76  5:36  Medivac  
  76  5:40  SCV  
  76  5:41  SCV  
  80  5:48  Supply Depot  
  80  5:49  Supply Depot  
  80  5:50  Supply Depot  
  80  5:52  Marine x2  
  80  5:53  Marine, SCV x2  
  85  6:05  SCV  
  85  6:08  Engineering Bay x2  
  85  6:10  Siege Tank, SCV  
  90  6:12  Marine x2  
  90  6:13  Marine, Medivac  
  90  6:15  Medivac  
  90  6:17  Orbital Command, SCV  
  98  6:35  Marine x3  
  98  6:37  Terran Infantry Weapons Level 1  
  98  6:39  Terran Infantry Armor Level 1  
  101  6:45  Barracks  
  101  6:46  Barracks  
  101  6:47  Barracks  
  101  6:52  Barracks  
  101  7:00  Marine x2  
  101  7:01  Marine  
  104  7:02  Orbital Command  
  104  7:03  Infernal Pre-Igniter  
  104  7:07  Armory  
  104  7:08  Hellion  
  106  7:09  Medivac  
  106  7:13  SCV x2  
  110  7:29  SCV x3  
  113  7:37  Barracks Reactor x3  
  113  7:38  Barracks Reactor  
  113  7:40  Marine x3  
  113  7:41  SCV x3  
  113  7:42  Hellion  
  113  7:43  Medivac x2  
  125  7:49  Command Center  
  125  8:01  Supply Depot x3  
  125  8:02  Supply Depot  
  125  8:03  Terran Vehicle Weapons Level 1  
  125  8:11  Combat Shield  
  125  8:22  Marine x6, Smart Servos, SCV x2  
  125  8:23  Hellbat, SCV, Marine x5, Medivac  
  125  8:24  Supply Depot  
  143  8:35  SCV x3  
  143  8:39  Supply Depot  
  143  8:40  Marine  
  147  8:42  Supply Depot  
  147  8:43  Refinery x2  
  147  8:47  SCV x3  
  150  8:50  Marine x2  
  150  8:51  Marine x8  
  150  8:53  Medivac  
  150  8:55  Medivac  
  164  8:58  Marine  
  164  9:01  Hellbat, SCV x3  
  170  9:08  Marine  
  170  9:09  Marine x8  
  179  9:10  Marine  
  180  9:19  Command Center  
  180  9:21  SCV  
  180  9:22  SCV x2  
  183  9:25  Marine  
  183  9:26  Marine x5  
  183  9:27  Marine  
  190  9:33  SCV  
  190  9:34  SCV x2  
  193  9:42  Terran Infantry Weapons Level 2, Terran Infantry Armor Level 2  
  193  9:46  SCV x3  
  193  9:49  Concussive Shells  
  196  10:33  Medivac x2  
  196  10:34  Terran Vehicle Weapons Level 2  
  200  10:43  Command Center  
  200  10:44  Planetary Fortress  
  200  11:00  Marine  
  200  11:01  Marine x10  
  109  11:04  Medivac  
  109  11:05  Medivac  
  112  11:18  Marine  
  112  11:19  Marine x10  
  122  11:25  Barracks  
  122  11:26  Factory Reactor, Factory  
  122  11:29  Starport  
  122  11:31  Barracks  
  122  11:32  Barracks x2  
  122  11:45  SCV x4  
  126  11:48  Barracks x2  
  126  11:49  Barracks x2, Marine x4  
  126  11:50  Marine x7  
  126  11:51  Barracks, Medivac  
  126  11:52  Medivac  
  126  11:53  Barracks  
  141  11:55  Barracks  
  141  11:57  Barracks x2, SCV  
  142  12:03  Orbital Command  
  142  12:07  Marine x2  
  144  12:10  Planetary Fortress  
  144  12:12  Command Center  
  144  12:14  Factory Reactor, Starport Reactor  
  121  12:51  Marine  
  121  12:52  Marine  
  121  12:53  Barracks Tech Lab x4  
  121  12:54  Barracks Tech Lab  
  121  12:56  Barracks Reactor x7  
  123  13:01  Marauder  
  123  13:02  Marauder  
  123  13:03  Hellbat x2  
  123  13:04  Hellbat x2, Medivac x3  
  123  13:05  Medivac  
  143  13:06  Command Center  
  143  13:07  Marine  
  143  13:08  Marine x7  
  143  13:09  Marine x2  
  153  13:22  Marine  
  153  13:23  Marine  
  153  13:25  Marine, Orbital Command  
  153  13:26  Command Center  
  156  13:39  Marine  
  156  13:40  Marine x28  
  156  13:41  Marine  
  185  13:43  Hellbat x2, Marine  
  185  13:44  Hellbat x2  
  185  13:45  Medivac x2  
  199  13:48  SCV  
  199  13:57  Marine  
  193  14:41  Command Center  
  190  14:51  Hellbat x3  
  190  14:52  Hellbat, Medivac x2  
  197  14:54  Medivac  
  197  14:57  Medivac  
  198  15:01  Marine x5  
  198  15:03  Terran Vehicle Weapons Level 3  
  198  15:06  Terran Infantry Armor Level 3, Terran Infantry Weapons Level 3  
  200  15:16  Orbital Command, Command Center  
  188  15:45  Marine x4  
  188  15:46  Marine x21  
  156  17:26  Hellbat x3  
  156  17:27  Hellbat, Medivac x4  
  156  17:28  Marine x9  
  156  17:29  Marine x16  
  196  17:30  Marine x3  
  196  17:33  Planetary Fortress  
  181  17:39  SCV  
  181  17:40  SCV x6  
  181  17:43  Orbital Command  
  188  17:46  Command Center  
  188  17:51  Marine x10  
  188  17:52  SCV x2  
  200  18:19  Command Center  
  188  18:36  Hellbat x4  
  188  18:37  Medivac x3  
  188  18:38  Medivac  
  199  18:45  Marauder x2, Marine x4  
  199  18:46  Marine  
  199  18:47  Marauder  
  174  19:00  Orbital Command, Command Center  
  135  19:22  SCV x9  
  125  19:34  SCV x9  
  142  19:45  Marauder, Marine  
  142  19:46  Marauder x6, Marine x23, SCV x2  
  142  19:48  Hellbat x3  
  142  19:49  Hellbat, Medivac x4  
  190  20:03  Marine x2  
  198  20:07  Marauder x5  
  186  20:22  Marine  
  186  20:23  Marine x17, Command Center  
  186  20:24  Marine  
  186  20:25  Marine x2  
  186  20:26  Marine  
  186  20:28  Marine  
  200  20:29  Marine  
  200  20:31  Marine  
  200  20:52  Planetary Fortress  
  200  21:04  Command Center  
  200  21:12  Command Center  
  200  21:15  Orbital Command  
  192  21:28  Hellbat x4  
  192  21:30  Medivac x4  
  192  21:31  Marine x6  
  200  21:50  Refinery  
  200  21:51  Unknown, Refinery  
  200  21:53  Refinery  
  195  21:54  Planetary Fortress, Refinery  
  195  22:03  Medivac x2  
  195  22:04  Marine  
  195  22:07  Terran Vehicle And Ship Armor Level 1  
  200  22:12  Neosteel Armor, Hi-Sec Auto Tracking  
  200  22:21  Planetary Fortress  
  194  23:10  Viking  
  194  23:11  Viking x3  
  188  23:40  Viking  
  188  23:41  Viking x3  
Show
View Real Time Build Order
Export as new Build Order

gladiator Terran 

Build Orders:  

Get SALT Encoding   

  12  0:18  SCV  
  13  0:23  Supply Depot  
  13  0:30  SCV  
  14  0:46  Refinery  
  14  1:32  SCV  
  14  1:39  Engineering Bay  
  15  1:45  SCV  
  15  1:46  Refinery  
  16  1:52  Barracks  
  16  1:57  SCV  
  16  2:00  Supply Depot  
  17  2:09  SCV  
  18  2:21  SCV  
  19  2:37  Command Center  
  19  2:45  Ghost Academy  
  19  2:54  Planetary Fortress  
  19  3:04  Barracks Tech Lab  
  19  3:15  Missile Turret  
  19  3:49  Ghost  
  19  3:51  Refinery  
  21  3:59  SCV  
  22  4:09  Bunker  
  22  4:11  SCV  
  23  4:17  Ghost  
  23  4:18  Factory  
  23  4:23  SCV  
  26  4:27  SCV  
  27  4:35  SCV  
  28  4:39  SCV  
  28  4:40  Bunker  
  29  4:47  Refinery  
  29  4:51  SCV  
  30  4:56  Marine  
  31  5:03  SCV  
  31  5:06  Factory Tech Lab  
  32  5:13  Marine  
  33  5:15  SCV  
  34  5:22  Missile Turret  
  34  5:27  Missile Turret, SCV  
  35  5:31  Personal Cloaking, Marine  
  36  5:43  SCV  
  36  5:49  Marine  
  38  5:52  Missile Turret  
  38  5:55  SCV  
  39  6:02  Terran Infantry Weapons Level 1  
  39  6:07  SCV  
  40  6:13  Starport  
  40  6:19  SCV  
  41  6:27  Armory  
  41  6:30  Siege Tank  
  41  6:31  SCV  
  45  6:43  SCV  
  46  6:47  Missile Turret  
  46  7:01  Starport Tech Lab  
  46  7:07  Barracks  
  46  7:08  Missile Turret  
  46  7:13  Enhanced Shockwaves  
  46  7:15  Supply Depot  
  46  7:22  Terran Vehicle Weapons Level 1  
  46  7:27  Supply Depot  
  46  7:37  SCV  
  46  7:43  Missile Turret  
  47  7:49  SCV  
  48  7:54  Marauder  
  48  7:56  Terran Infantry Armor Level 1  
  50  8:01  SCV  
  51  8:07  Supply Depot  
  51  8:13  SCV  
  51  8:16  Marauder, Medivac  
  56  8:25  SCV  
  56  8:26  Missile Turret  
  57  8:29  Missile Turret, Siege Tank  
  57  8:32  Nuke  
  60  8:39  Barracks Tech Lab  
  60  8:40  Missile Turret  
  60  8:50  Orbital Command  
  60  8:51  Missile Turret  
  60  9:01  Missile Turret  
  60  9:02  Missile Turret  
  60  9:21  Starport  
  60  9:23  Bunker  
  60  9:27  Concussive Shells  
  60  9:30  Ghost  
  62  9:49  Fusion Core  
  62  9:50  Hi-Sec Auto Tracking  
  62  9:51  Terran Vehicle Weapons Level 2  
  62  9:58  Ghost  
  64  10:27  Marauder  
  66  10:38  Missile Turret  
  66  10:42  Missile Turret  
  66  10:47  Neosteel Armor  
  66  10:49  Nuke, Marauder  
  68  11:03  Starport Reactor  
  68  11:10  Marine  
  69  11:30  Bunker  
  69  11:43  Bunker  
  69  11:56  Marine  
  70  12:07  Terran Ship Weapons Level 1  
  70  12:12  Nuke  
  70  12:14  Missile Turret, Marine  
  71  12:21  Ghost Academy  
  71  12:27  Terran Infantry Weapons Level 2  
  71  12:31  Marine  
  71  12:35  Ghost  
  74  12:42  Siege Tank  
  77  12:49  Marine  
  78  13:19  Missile Turret  
  78  13:33  Ghost  
  78  13:58  Siege Tank, Marine  
  78  14:00  Battlecruiser  
  78  14:01  Terran Vehicle And Ship Armor Level 1  
  88  14:03  Marauder  
  88  14:04  Nuke  
  88  14:09  Missile Turret  
  90  14:16  Marine  
  91  14:24  Marauder  
  91  14:31  Supply Depot  
  93  14:32  Nuke  
  93  14:33  Marine  
  89  14:43  Terran Infantry Armor Level 2  
  88  14:46  Marauder  
  81  15:04  Battlecruiser  
  76  15:11  Bunker  
  59  15:54  Starport Reactor  
  54  16:09  Battlecruiser  
  60  16:14  Missile Turret  
  60  16:22  Missile Turret  
  60  16:27  Bunker  
  60  16:29  Orbital Command  
  60  16:35  Bunker  
  60  16:58  Missile Turret  
  60  17:06  Viking x2, Barracks  
  64  17:13  Battlecruiser  
  70  17:20  Missile Turret  
  70  17:36  Viking x2  
  74  17:51  Refinery  
  74  17:53  Missile Turret  
  74  18:06  Viking x2  
  74  18:07  Missile Turret  
  78  18:17  Battlecruiser  
  84  18:22  SCV  
  85  18:27  Bunker  
  85  18:34  SCV  
  86  18:35  Viking  
  86  18:36  Viking  
  83  18:41  Refinery  
  59  19:12  Barracks Reactor  
Tags
 
Matchup
TvT
Player
ViBE
Race
Terran
Spawn Locations
Cross Positions
Add a new tag
Caveats
  • Supply blocks, unpowered buildings, or Contaminate may cause inaccurate times.
  • Supply counts are checked every 10 seconds.